 Dungeon Crawl Stone Soup version 0.15.2 (webtiles) character file.

95 Jard the Skirmisher (level 4, 0/37 HPs)
             Began as a Demonspawn Abyssal Knight on Jan 4, 2015.
             Was a Follower of Lugonu.
             Succumbed to an adder's poison
             ... on Level 2 of the Dungeon.
             The game lasted 00:07:10 (2041 turns).

Jard the Skirmisher (Demonspawn Abyssal Knight)     Turns: 2041, Time: 00:07:10

HP   0/37        AC  5     Str 17      XL: 4   Next: 40%
MP   6/6         EV 13     Int 13      God: Lugonu [*.....]
Gold 119         SH  4     Dex 16      Spells:  0 memorised,  3 levels left

rFire  . . .     SeeInvis .     a - +2 spear
rCold  . . .     Clarity  .     j - +0 ring mail
rNeg   . . .     rCorr    .     e - +0 buckler
rPois  .         rRot     .     (no helmet)
rElec  .         Spirit   .     (no cloak)
SustAb .         Warding  .     (no gloves)
rMut   .         Stasis   .     (no boots)
Gourm  .                        (no amulet)
MR     .....                    (no ring)
                                d - +4 ring of evasion

@: mighty, lethally poisoned, very slightly contaminated, not resistant to
hostile enchantments, unstealthy
A: claws 1, thin skeletal structure 1, nightstalker 1
a: Depart the Abyss, Renounce Religion


You were on level 2 of the Dungeon.
You worshipped Lugonu.
Lugonu was aware of your devotion.
You were not hungry.

You visited 1 branch of the dungeon, and saw 2 of its levels.
You visited the Abyss 1 time.

You collected 119 gold pieces.

Inventory:

Hand weapons
 a - a +2 spear (weapon)
Armour
 e - a +0 buckler (worn)
 j - a +0 ring mail (worn)
Comestibles
 c - 2 bread rations
Scrolls
 k - a scroll of random uselessness
 l - a scroll of identify
Jewellery
 d - a +4 ring of evasion (left claw)


   Skills:
 + Level 3.8 Fighting
 + Level 2.2 Polearms
 - Level 1.7 Armour
 + Level 2.3 Dodging
 * Level 0.2 Stealth
 - Level 0.3 Shields
 * Level 3.1 Invocations


You had 3 spell levels left.
You didn't know any spells.

Dungeon Overview and Level Annotations

Branches:
Dungeon (2/15)

Altars:


Innate Abilities, Weirdness & Mutations

You have sharp fingernails.
You have a somewhat thin skeletal structure (Dex +2, Stealth).
You are slightly more attuned to the shadows.


Message History

The scroll dissolves into smoke.
It was a scroll of fog.
Read which item? (? for menu, Esc to quit)
As you read the scroll labeled FUJOME LOCRU, it crumbles to dust.
The scroll reassembles itself in your claws!
It is a scroll of random uselessness.
* * * LOW HITPOINT WARNING * * *
You feel sick.
Read which item? (? for menu, Esc to quit)
As you read the scroll labeled BREESU PHILYT, it crumbles to dust.
You hear a loud clanging noise!
It was a scroll of noise.
There is a lethal amount of poison in your body!
There is a lethal amount of poison in your body!
There is a lethal amount of poison in your body!
There is a lethal amount of poison in your body!
* * * LOW HITPOINT WARNING * * *
You feel sick.
* * * LOW HITPOINT WARNING * * *
You feel sick.
You die...

## #..######..###.....
.######### #..# #<#.#.####.
#...%....# #..# #.##.## #.
.#######.# #..# #.#### #.
### #.# #..# #.# #. ..#
#.######..# #.# ## ..#
#.........# #.# ..#
#########.# #.# ###
########@######.#
#............##..
#.######.###.# ###
#########.######.# #.# ..#
...............#.# #.#
##.## #########.####.#.#
#.# ###...# #.# #.#.# #)#
###..#..##
#.####.#.###.###..#...#..
#..........ยงยง#..#...#...#


There were no monsters in sight!

Vanquished Creatures
  Terence (D:2)
  4 adders (D:2)
  A worm (D:2)
  A giant gecko (D:1)
  An ooze (D:2)
  A ball python (D:2)
  4 bats
  3 giant cockroaches (D:1)
  7 goblins
  4 hobgoblins
  4 jackals (D:2)
  4 kobolds
  A giant newt (D:1)
  A quokka (D:2)
  3 rats
40 creatures vanquished.

Notes
Turn   | Place    | Note
--------------------------------------------------------------
     0 | Abyss:1  | Jard, the Demonspawn Abyssal Knight, began the quest for the Orb.
     0 | Abyss:1  | Reached XP level 1. HP: 18/18 MP: 1/1
     0 | D:1      | Escaped the Abyss
   266 | D:1      | Acquired Lugonu's first power
   266 | D:1      | Gained mutation: You have a somewhat thin skeletal structure (Dex +2, Stealth). [demonic ancestry]
   266 | D:1      | Reached XP level 2. HP: 24/24 MP: 2/2
   294 | D:1      | Reached skill level 1 in Dodging
   917 | D:2      | Gained mutation: You have sharp fingernails. [demonic ancestry]
   917 | D:2      | Reached XP level 3. HP: 26/29 MP: 4/4
  1742 | D:2      | Noticed Terence
  1767 | D:2      | Killed Terence
  1767 | D:2      | Gained mutation: You are slightly more attuned to the shadows. [demonic ancestry]
  1767 | D:2      | Reached XP level 4. HP: 17/37 MP: 4/6
  2033 | D:2      | HP: 1/37 [poisoned by an adder]
  2041 | D:2      | Succumbed to an adder's poison

Action                   |  1- 3 |  4- 6 || total
-------------------------+-------+-------++-------
Melee: Spear             |   161 |    58 ||   219
Invok: Depart the Abyss  |     1 |       ||     1
  Use: Scroll            |     4 |     5 ||     9
       Potion            |     1 |     1 ||     2
 Stab: Sleeping          |     2 |     1 ||     3
  Eat: Meat ration       |     1 |       ||     1
       Chunk             |     1 |       ||     1
